 Dungeon Sprint DCSS version 0.21-a0-417-g0adc95b (webtiles) character file.

907 Kidiri the Fighter (level 7, -2/82 HPs)
             Began as a Green Draconian Transmuter on Nov 3, 2017.
             Was an Initiate of Wu Jian.
             Slain by a deep troll (5 damage)
             ... in the Dungeon (Sprint I: "Red Sonja").
             The game lasted 00:03:17 (916 turns).

Kidiri the Fighter (Green Draconian Transmuter)      Turns: 916, Time: 00:03:19

Health: -2/82      AC:  6    Str: 13    XL:     7   Next: 81%
Magic:  13/14      EV: 12    Int: 14    God:    Wu Jian [......]
Gold:   405        SH:  0    Dex: 12    Spells: 1/16 levels left

rFire    x . .     SeeInvis .     - Unarmed
rCold    + + +     Gourm    .   (shield currently unavailable)
rNeg     . . .     Faith    .   (armour unavailable)
rPois    +         Spirit   .   (helmet currently unavailable)
rElec    .         Reflect  .   (cloak currently unavailable)
rCorr    .         Harm     .   (gloves currently unavailable)
MR       .....     NoTele   +   (boots currently unavailable)
Stlth    +++.......             (no amulet)
HPRegen  0.23/turn              (no ring)
MPRegen  0.14/turn              (no ring)

@: ice-form
A: (breathe noxious fumes), unfitting armour, AC +6
a: End Transformation, Renounce Religion


You were in the Dungeon.
You worshipped Wu Jian.
Wu Jian was noncommittal.
You were hungry.
You were a creature of crystalline ice.
You visited 1 branch You collected 405 gold pieces.

Inventory:

Hand Weapons
 h - a +0 giant club
 j - a +0 dagger
 l - a +0 scythe
 o - a +0 short sword
Missiles
 a - 10 arrows
Armour
 k - a +0 ring mail
 m - a +0 robe
Wands
 d - a wand of random effects (3/48)
Scrolls
 i - a scroll of blinking
Potions
 f - a potion of haste
 g - 2 potions of magic
 n - a potion of curing
Books
 b - a book of Changes

   Spells                             Type                      Level
   a - Beastly Appendage              Transmutation                1
   b - Sticks to Snakes               Transmutation                2
   c - Spider Form                    Transmutation/Poison         3
   d - Ice Form                       Ice/Transmutation            4
   e - Blade Hands                    Transmutation                5
Comestibles
 c - a bread ration


   Skills:
 * Level 8.3 Fighting
 + Level 5.1 Dodging
 + Level 5.2 Stealth
 * Level 8.2 Unarmed Combat
 + Level 5.3 Spellcasting
 * Level 7.9 Transmutations
 + Level 3.4 Ice Magic
 + Level 5.2 Poison Magic


You had one spell level left.
You knew the following spells:

 Your Spells              Type           Power        Failure   Level  Hunger
a - Beastly Appendage     Tmut           ####..       1%          1    None
b - Sticks to Snakes      Tmut           ####....     1%          2    ##.....
c - Spider Form           Tmut/Pois      ###.......   3%          3    ###....
d - Ice Form              Ice/Tmut       ###.....     16%         4    ####...
e - Blade Hands           Tmut           ####......   17%         5    ######.


Dungeon Overview and Level Annotations

Branches:
Dungeon (1/1)

Altars:
Cheibriados
Dithmenos
Elyvilon
Fedhas
Gozag
Hepliaklqana
Kikubaaqudgha
Nemelex Xobeh
Okawaru
Qazlal
Ru
Sif Muna
Trog
Uskayaw
Vehumet
Wu Jian
Yredelemnul
Zin
The Shining One

Shops:
D }*

Annotations:
D exclusion: 4 doors


Innate Abilities, Weirdness & Mutations

((You can breathe blasts of noxious fumes.))
((Your lurid green scales are hard. (AC +6)))
You cannot fit into any form of body armour.
((Your system is resistant to poisons. (rPois)))
((You are cold-blooded and may be slowed by cold attacks.))


Message History

The deep troll claws you but does no damage.
You hit the deep troll. You freeze the deep troll.
The deep troll is almost dead.
The deep troll bites you. The deep troll barely misses you.
The deep troll claws you but does no damage.
You barely miss the deep troll.
The deep troll is severely wounded.
The deep troll bites you!
* * * LOW HITPOINT WARNING * * *
The deep troll claws you!
* * * LOW HITPOINT WARNING * * *
The deep troll closely misses you.
Unknown command.
You barely miss the deep troll.
The deep troll is severely wounded.
Unknown command.
You completely miss the deep troll.
The deep troll is severely wounded.
The deep troll bites you.
You die...

#..'..#..'..#..+
#..#####+#####'#
#..####..#...#.#
#..#__####..##.#
#..#_____##+#_.+
#⌠⌠#_.∩...+..._#
####_..__##_.#+#
#_____###'#[#
############Y####+###
#∩........+.T.'$$.$$+
###++++####...#######
##.## #+#


You could see a deep troll.

Vanquished Creatures
  A yak (D)
  Sigmund (D)
  An ogre (D)
  A jelly (D)
  Ijyb (D)
5 creatures vanquished.

Vanquished Creatures (others)
  Sonja (D)
1 creature vanquished.

Grand Total: 6 creatures vanquished

Notes
Turn   | Place    | Note
-------+----------+-------------------------------------------
     0 | D        | Kidiri the Draconian Transmuter began the quest for the Orb.
     0 | D        | Reached XP level 1. HP: 16/16 MP: 3/3
     3 | D        | Noticed Ijyb
    27 | D        | Killed Ijyb
    27 | D        | Reached skill level 1 in Stealth
    27 | D        | Reached XP level 2. HP: 11/26 MP: 2/5
    34 | D        | Learned a level 2 spell: Sticks to Snakes
    37 | D        | Noticed an ogre
    48 | D        | Killed an ogre
    48 | D        | Reached XP level 3. HP: 13/34 MP: 0/7
    48 | D        | Reached XP level 4. HP: 16/41 MP: 0/8
   243 | D        | Learned a level 3 spell: Spider Form
   244 | D        | Noticed Sigmund
   251 | D        | Killed Sigmund
   251 | D        | Reached skill level 5 in Transmutations
   251 | D        | Reached XP level 5. HP: 50/50 MP: 5/11
   272 | D        | Learned a level 4 spell: Ice Form
   297 | D        | Found an ornate altar of the Wu Jian Council.
   297 | D        | Found a deep blue altar of Sif Muna.
   299 | D        | Found a radiant altar of Vehumet.
   309 | D        | Became a worshipper of the Wu Jian Council
   386 | D        | Found Nijuer's Assorted Antiques.
   386 | D        | Found an ancient bone altar of Kikubaaqudgha.
   386 | D        | Found a hazy altar of Hepliaklqana.
   386 | D        | Found a stormy altar of Qazlal.
   386 | D        | Found a hide-covered altar of Uskayaw.
   386 | D        | Found a blossoming altar of Fedhas.
   386 | D        | Found a bloodstained altar of Trog.
   386 | D        | Found an iron altar of Okawaru.
   386 | D        | Found a basalt altar of Yredelemnul.
   386 | D        | Found a glowing golden altar of the Shining One.
   386 | D        | Found a snail-covered altar of Cheibriados.
   386 | D        | Found a sacrificial altar of Ru.
   386 | D        | Found a glowing silver altar of Zin.
   386 | D        | Found a shadowy altar of Dithmenos.
   386 | D        | Found a white marble altar of Elyvilon.
   386 | D        | Noticed a yak
   398 | D        | Killed a yak
   398 | D        | Reached XP level 6. HP: 19/60 MP: 9/12
   402 | D        | Found an opulent altar of Gozag.
   403 | D        | Found a sparkling altar of Nemelex Xobeh.
   704 | D        | Noticed Sonja
   711 | D        | Killed Sonja
   711 | D        | Reached skill level 5 in Dodging
   711 | D        | Reached skill level 5 in Stealth
   711 | D        | Reached skill level 5 in Spellcasting
   711 | D        | Your scales start taking on a lurid green colour.
   711 | D        | Reached skill level 5 in Poison Magic
   711 | D        | Reached XP level 7. HP: 29/69 MP: 10/14
   711 | D        | Gained mutation: Your system is resistant to poisons. (rPois) [Green Draconian growth]
   801 | D        | Learned a level 5 spell: Blade Hands
   801 | D        | Found Raij's Gadget Boutique.
   895 | D        | Noticed a deep troll
   913 | D        | HP: 3/82 [deep troll (7)]
   916 | D        | Slain by a deep troll

Vault maps used:
D:        dungeon_sprint_1

Skill      XL: |  1  2  3  4  5  6 |
---------------+-------------------+-----
Fighting       | 3 4 6 7 8 |  8.3
Dodging        | 2 3 4 5 |  5.1
Stealth        | 1 2 3 4 5 |  5.2
Unarmed Combat | 4 6 7 8 |  8.2
Transmutations | 3 4 5 6 7 |  7.9
Spellcasting   | 3 4 5 |  5.3
Poison Magic   | 2 3 5 |  5.2
Ice Magic      | 2 3 |  3.4

Action                   |  1- 3 |  4- 6 |  7- 9 || total
-------------------------+-------+-------+-------++-------
Melee: Unarmed           |    22 |    24 |     9 ||    55
       Kick              |     2 |       |       ||     2
       Tailslap          |     1 |     1 |       ||     2
       Punch             |       |     1 |       ||     1
 Cast: Beastly Appendage |     3 |       |       ||     3
       Sticks to Snakes  |     2 |       |       ||     2
       Spider Form       |       |     4 |       ||     4
       Ice Form          |       |       |     1 ||     1
  Use: Potion            |     2 |       |     1 ||     3
 Stab: Sleeping          |       |     1 |     1 ||     2
Armor: Skin              |     7 |     3 |     5 ||    15
Dodge: Dodged            |    12 |    17 |     9 ||    38

Table legend:
 A = Spawn XP
 B = Non-spawn XP
 C = Spawn XP percentage of total XP
 D = Spawn monster count
 E = Non-spawn monster count
 F = Spawn count percentage of total count
 G = Total turns spent on level
                    A         B        C        D         E        F      G
               +---------+---------+-------+---------+---------+-------+---------
         Total |       0 |    1297 |   0.0 |       0 |       6 |   0.0 |   916
               +---------+---------+-------+---------+---------+-------+---------
             D |       0 |    1297 |   0.0 |       0 |       6 |   0.0 |   916
               +---------+---------+-------+---------+---------+-------+---------
